 Dungeon Crawl Stone Soup version 0.26-a0-495-g20a46bd (webtiles) character file.

Game seed: 16269979592603208313

163 BeowulfAlex the Covered (level 5, 50/50 HPs)
             Began as a Deep Dwarf Fighter on Aug 5, 2020.
             Quit the game on level 3 of the Dungeon.
             The game lasted 00:05:22 (1595 turns).

BeowulfAlex the Covered (Deep Dwarf Fighter)        Turns: 1595, Time: 00:05:22

Health: 50/50      AC:  8    Str: 19    XL:     5   Next: 20%
Magic:  5/5        EV:  7    Int: 10    God:
Gold:   105        SH:  9    Dex: 12    Spells: 4/4 levels left

rFire    . . .     SeeInvis .   l - +2 whip (vamp)
rCold    . . .     Faith    .   c - +0 kite shield
rNeg     . . .     Spirit   .   b - +0 scale mail
rPois    +         Reflect  .   (no helmet)
rElec    .         Harm     .   (no cloak)
rCorr    .                      (no gloves)
MR       +....                  i - +0 pair of boots
Stlth    ..........             (no amulet)
HPRegen  0.00/turn              m - ring of poison resistance
MPRegen  0.09/turn              p - ring of protection from magic

@: non-regenerating
A: damage resistance, heal wounds, sense surroundings 1, no regeneration
a: Heal Wounds


You were on level 3 of the Dungeon.
You visited 1 branch of the dungeon, and saw 3 of its levels.

You collected 105 gold pieces.

Inventory:

Hand Weapons
 a - a +0 war axe
 f - a +0 short sword of electrocution
 l - a +2 vampiric whip (weapon)
Missiles
 h - 23 stones (quivered)
 q - 10 poisoned darts
Armour
 b - a +0 scale mail (worn)
 c - a +0 kite shield (worn)
 i - a +0 pair of boots (worn)
Jewellery
 m - a ring of poison resistance (left hand)
 p - a ring of protection from magic (right hand)
 r - an uncursed ring of flight
 x - an uncursed ring of wizardry
Scrolls
 k - 2 scrolls of remove curse {unknown}
 o - a scroll of blinking {unknown}
 t - a scroll of fear {unknown}
 u - a scroll of immolation {unknown}
 y - a scroll of teleportation {unknown}
Potions
 d - a potion of might
 e - a potion of degeneration {unknown}
 g - a potion of stabbing {unknown}
 j - a potion of flight {unknown}
 n - a potion of brilliance {unknown}
 s - a potion of cancellation {unknown}
 v - a potion of mutation {unknown}
 w - a potion of invisibility {unknown}
 z - a potion of lignification {unknown}


   Skills:
 * Level 3.7 Fighting
 * Level 4.0 Axes
 - Level 4.0 Armour
 + Level 0.0 Dodging
 - Level 4.0 Shields
 + Level 0.0 Spellcasting


You had 4 spell levels left.
You didn't know any spells.
Your spell library was empty.

Dungeon Overview and Level Annotations

Branches:
Dungeon (3/15)

Altars:


Innate Abilities, Weirdness & Mutations

You are resistant to damage.
You can heal yourself by infusing magical energy.
You passively map a small area around you.
You do not regenerate.


Message History

No target in view!
No target in view!
No target in view!
No target in view!
No target in view!
No target in view!
No target in view!
No target in view!
No target in view!
Things that are here:
a +0 short sword; a kobold corpse Unknown command.
Unknown command.
Unknown command.
Unknown command.
Unknown command.
Unknown command.
Quiver which item? (- for none, * to show all) (? for menu, Esc to quit)
Okay, then.
Are you sure you want to abandon this character and quit the game? (Confirm with "yes".)

, *######..## * .#
*, , .......... .#.#
* * ######.## .#.#.#
* #..# #.#.#.#
######.# #.#.#.# *
###* #....... ,
#.#.#.# #.. ,*
#.#####. , *
#.#.#.#.## ,####.#<
. , ,#.#.#@#.#
,#....#** # , ,
#$#.#.### #.######.
# #.#.#.. #........
# * ,* #.#)#.###
#..######* , * *,
#.#.#.#..###..#
#.#.#.#.#......#
#.#.#.#.#.....#.# ,
*,#.#.#.#.#.#....#.#
#########.#....#.#


There were no monsters in sight!

Vanquished Creatures
  An orc wizard (D:2)
  5 adders
  2 worms (D:2)
  A dart slug (D:1)
  4 leopard geckos
  2 orcs (D:2)
  7 giant cockroaches
  5 goblins
  5 hobgoblins
  7 jackals (D:2)
  A quokka (D:2)
  A ball python (D:3)
  11 bats
  4 frilled lizards (D:2)
  8 kobolds
  8 rats
72 creatures vanquished.

Notes
Turn   | Place    | Note
-------+----------+-------------------------------------------
     0 | D:1      | BeowulfAlex the Deep Dwarf Fighter began the quest for the
                  | Orb.
     0 | D:1      | Reached XP level 1. HP: 20/20 MP: 1/1
    92 | D:1      | Reached XP level 2. HP: 18/27 MP: 2/2
   378 | D:1      | Reached XP level 3. HP: 34/34 MP: 3/3
   830 | D:2      | Reached XP level 4. HP: 35/42 MP: 4/4
  1228 | D:2      | Reached XP level 5. HP: 50/50 MP: 5/5
  1595 | D:3      | Quit the game

Illustrated notes

Levels and vault maps discovered:
D:1:      saegor_arrival_simple_a, layout_loops_ring
D:2:      layout_basic, minmay_vboxes
D:3:      layout_basic, ebering_ghost_rock_garden

Skill      XL: |  1  2  3  4  5 |
---------------+----------------+-----
Fighting       | 3 |  3.7
Axes           | 3 4 |  4.0
Armour         | 4 |  4.0
Shields        | 4 |  4.0

Action                   |  1- 3 |  4- 6 || total
-------------------------+-------+-------++-------
Melee: War axe           |    59 |       ||    59
       Whip              |   104 |   165 ||   269
Throw: Stone             |     8 |       ||     8
Armor: Scale mail        |    84 |    70 ||   154
Dodge: Dodged            |    44 |    40 ||    84
Block: Kite shield       |   100 |    77 ||   177

Table legend: (Time is in decaauts)
 A = Elapsed time spent in this place.
 B = Non-inter-level travel time spent in this place.
 C = Inter-level travel time spent in this place.
 D = Time resting spent in this place.
 E = Time spent auto-exploring this place.
 F = Levels seen in this place.
 G = Mean time per level.
                   A        B        C        D        E       F      G
               +--------+--------+--------+--------+--------+-----+--------+
         Total |   1641 |   1592 |     49 |      6 |    966 |   3 |  547.0 |
       Dungeon |   1641 |   1592 |     49 |      6 |    966 |   3 |  547.0 |
               +--------+--------+--------+--------+--------+-----+--------+

Top non-repeatable levels by time:
     D:2: 865 daAuts
     D:1: 619 daAuts
     D:3: 156 daAuts
